 Dungeon Crawl Stone Soup version 0.29.1-1-gd02db6906a (webtiles) character file.

Game seed: 5504277643278719457

89 Earthwalker the Trooper (level 4, 0/40 HPs)
             Began as a Hill Orc Abyssal Knight on Oct 14, 2022.
             Was a Priest of Lugonu.
             Slain by a gnoll
             ... wielding a +0 flail
              (4 damage)
             ... on level 3 of the Dungeon.
             The game lasted 00:03:19 (1930 turns).

Earthwalker the Trooper (Hill Orc Abyssal Knight)   Turns: 1930, Time: 00:03:19

Health: 0/40       AC:  7    Str: 17    XL:     4   Next: 55%
Magic:  6/6        EV: 11    Int: 10    God:    Lugonu [***...]
Gold:   141        SH:  0    Dex: 11    Spells: 3/3 levels left

rFire   . . .      SeeInvis .   a - +1 hand axe
rCold   . . .      Faith    .   (no shield)
rNeg    . . .      Spirit   .   b - +0 leather armour
rPois   .          Reflect  .   (no helmet)
rElec   .          Harm     .   (no cloak)
rCorr   .          Rampage  .   (no gloves)
Will    .....                   (no boots)
Stlth   +.........              (no amulet)
HPRegen 0.13/turn               f - +4 ring of protection
MPRegen 0.10/turn               (no ring)

@: no status effects
A: no striking features
a: Renounce Religion, Depart the Abyss, Bend Space, Banish


You were on level 3 of the Dungeon.
You worshipped Lugonu.
Lugonu was most pleased with you.
You visited 1 branch of the dungeon, and saw 3 of its levels.
You visited the Abyss 1 time.

You collected 141 gold pieces.

Inventory:

Hand Weapons
 a - a +1 hand axe (weapon)
Armour
 b - a +0 leather armour (worn)
Jewellery
 f - a +4 ring of protection (left hand)
Scrolls
 d - 2 scrolls of immolation {unknown}
 e - a scroll of noise {unknown}
 g - a scroll of amnesia {unknown}
 i - a scroll of butterflies {unknown}
Potions
 c - 2 potions of heal wounds {unknown}
 h - a potion of ambrosia {unknown}


   Skills:
 * Level 4.0 Fighting
 * Level 3.3 Axes
 + Level 0.6 Throwing
 * Level 2.8 Armour
 * Level 1.3 Dodging
 + Level 1.0 Stealth
 * Level 1.2 Shields
 * Level 3.1 Invocations


You had 3 spell levels left.
You didn't know any spells.
Your spell library contained the following spells:

 Spells                   Type           Power      Damage    Failure   Level
 Dazzling Flash           Conj/Hex       0%         N/A       80%         3
 Agony                    Necr           0%         N/A       100%        5
 Silence                  Hex/Air        0%         N/A       100%        5


Dungeon Overview and Level Annotations

Branches:
Dungeon (3/15)

Altars:

Shops:
D:1 [


Message History

You kill the frilled lizard!
Lugonu accepts your kill.
You slash the gnoll!
The gnoll is severely wounded.
The gnoll barely misses you. The gnoll closely misses you.
You hit the gnoll but do no damage.
The gnoll is severely wounded.
The gnoll barely misses you.
You hit the gnoll but do no damage.
The gnoll is severely wounded.
The gnoll closely misses you.
You hit the gnoll but do no damage.
The gnoll is severely wounded.
The gnoll hits you with a +0 club.
You barely miss the gnoll.
The gnoll is severely wounded.
The gnoll hits you with a +0 club.
You are too injured to fight recklessly!
You are too injured to fight recklessly!
You are too injured to fight recklessly!
You barely miss the gnoll.
The gnoll is severely wounded.
The gnoll completely misses you.
You slash the gnoll!
You kill the gnoll!
Lugonu accepts your kill.
You closely miss the gnoll. The gnoll hits you with a +0 flail!
* * * LOW HITPOINT WARNING * * *
You hit the gnoll.
The gnoll is moderately wounded.
The gnoll barely misses you.
You barely miss the gnoll.
The gnoll is moderately wounded.
The gnoll hits you with a +0 flail.
* * * LOW HITPOINT WARNING * * *
The gnoll closely misses you.
You hit the gnoll.
The gnoll is moderately wounded.
The gnoll hits you with a +0 flail.
You die...

.. ..# #. #.# ~
....# ~~# .#.# #
~S#. ..# .##
###.. #.# ...##
P#.#.##.##.....#
8#......@g.>....
##.#.##.##.....#
#.<.# ...##
##.## .## ##. .#
.. .. ### [


You could see a gnoll.

Vanquished Creatures
  2 gnolls (D:3)
  2 adders (D:2)
  A dart slug (D:2)
  5 ball pythons
  6 endoplasms
  2 giant cockroaches (D:2)
  10 goblins
  5 hobgoblins
  2 quokkas (D:1)
  4 bats
  3 frilled lizards
  A kobold (D:1)
  4 rats
47 creatures vanquished.

Vanquished Creatures (others)
  5 plants (D:1)
5 creatures vanquished.

Grand Total: 52 creatures vanquished

Notes
Turn   | Place    | Note
-------+----------+-------------------------------------------
     0 | Abyss:1  | Earthwalker the Hill Orc Abyssal Knight began the quest for
                  | the Orb.
     0 | Abyss:1  | Reached XP level 1. HP: 19/19 MP: 2/2
     1 | D:1      | Escaped the Abyss
   321 | D:1      | Reached XP level 2. HP: 20/27 MP: 3/3
   412 | D:1      | Found Kiom's Antique Armour Shoppe.
   652 | D:1      | Reached skill level 1 in Dodging
   773 | D:1      | Reached XP level 3. HP: 33/33 MP: 5/5
  1119 | D:2      | Reached *** piety under Lugonu
  1648 | D:2      | Reached skill level 4 in Fighting
  1648 | D:2      | Reached XP level 4. HP: 40/40 MP: 6/6
  1757 | D:2      | Found a faded altar of an unknown god.
  1841 | D:2      | Reached skill level 1 in Shields
  1918 | D:3      | Reached skill level 1 in Stealth
  1930 | D:3      | Slain by a gnoll

Illustrated notes

Levels and vault maps discovered:
D:1:      sevenhm_arrival_forest_fort_large_4, layout_rooms, serial_shops,
          nicolae_shop_hallway_stairs
D:2:      layout_basic, dreamdust_ecumenical_altar_grove,
          minmay_misc_feat_more_columns
D:3:      gammafunk_steamed_eel, layout_loops_ring, uniq_robin

Skill      XL: |  1  2  3  4 |
---------------+-------------+-----
Dodging        | 1 |  1.3
Invocations    | 3 |  3.1
Axes           | 3 |  3.3
Fighting       | 4 |  4.0
Shields        | 1 |  1.2
Stealth        | 1 |  1.0
Throwing       | |  0.6
Armour         | |  2.8

Action                   |  1- 3 |  4- 6 || total
-------------------------+-------+-------++-------
Melee: Hand axe          |   118 |    26 ||   144
Armor: Leather armour    |    29 |     4 ||    33
Dodge: Dodged            |    60 |    11 ||    71
